| TOP OF THE 1ST |
|
Trois-Riveres Aigles batting - Pitching for Windy City ThunderBolts : LHP Tom White
|
|
Pitching: LHP Tom White
|
|
|
Now in LF: Eddie Dimas
|
|
|
Batting: RHB Alex Koral
|
0-0: Ball 1-0: Ball 2-0: Ball 3-0: Called Strike 3-1: Called Strike 3-2: Ground out 3-1 (Groundball, 34, EV 104.4 MPH)
|
|
Batting: SHB Luis Verduzco
|
0-0: Ball 1-0: Ball 2-0: Swinging Strike 2-1: Ball 3-1: Base on Balls
|
|
Batting: RHB Dave Galloway
|
0-0: Foul Ball, location: 2F 0-1: Ball 1-1: Foul Ball, location: 2F 1-2: Ball 2-2: Foul Ball, location: 2F 2-2: Foul Ball, location: 2F 2-2: Ball 3-2: Fly out, F9 (Flyball, 9, EV 90.0 MPH)
|
|
Batting: RHB Joe Hartigan
|
0-0: Called Strike 0-1: Ball 1-1: Swinging Strike 1-2: Foul Ball, location: 2F 1-2: Ball Wild Pitch! Luis Verduzco to second 2-2: Foul Ball, location: 2F 2-2: Fly out, F7 (Flyball, 78D, EV 98.1 MPH)
|
| Top of the 1st over - 0 runs, 0 hits, 0 errors, 1 left on base; Trois-Riveres 0 - Windy City 0 |
| BOTTOM OF THE 1ST |
|
Windy City ThunderBolts batting - Pitching for Trois-Riveres Aigles : RHP Adam Householder
|
|
Pitching: RHP Adam Householder
|
|
|
Batting: RHB Enrique Gomez
|
0-0: Called Strike 0-1: Fly out, F3 (Line Drive, 34, EV 67.5 MPH)
|
|
Batting: SHB Noah Long
|
0-0: Ground out U3 (Groundball, 34, EV 108.1 MPH)
|
|
Batting: SHB Andres Agudo
|
0-0: Foul Ball, location: 2F 0-1: Ball 1-1: Swinging Strike 1-2: Strikes out swinging
|
| Bottom of the 1st over - 0 runs, 0 hits, 0 errors, 0 left on base; Trois-Riveres 0 - Windy City 0 |
| TOP OF THE 2ND |
|
Trois-Riveres Aigles batting - Pitching for Windy City ThunderBolts : LHP Tom White
|
|
Batting: SHB Omar Cervantes
|
0-0: Called Strike 0-1: Called Strike 0-2: Ball 1-2: Strikes out swinging
|
|
Batting: RHB Kyler Seitz
|
0-0: Called Strike 0-1: Swinging Strike 0-2: Strikes out looking
|
|
Batting: RHB Bogumil Filipowski
|
0-0: Ball 1-0: Foul Ball, location: 2F 1-1: Ball 2-1: Foul Ball, location: 2F 2-2: Strikes out swinging
|
| Top of the 2nd over - 0 runs, 0 hits, 0 errors, 0 left on base; Trois-Riveres 0 - Windy City 0 |
| BOTTOM OF THE 2ND |
|
Windy City ThunderBolts batting - Pitching for Trois-Riveres Aigles : RHP Adam Householder
|
|
Batting: RHB Bill Stern
|
0-0: Foul Ball, location: 2F 0-1: Ball 1-1: Fly out, F8 (Flyball, 89D, EV 92.5 MPH)
|
|
Batting: RHB Eddie Dimas
|
0-0: Ball 1-0: Ground out 4-3 (Groundball, 4, EV 90.0 MPH)
|
|
Batting: RHB Joselito Santos
|
0-0: Fly out, F9 (Flyball, 9LS, EV 75.6 MPH)
|
| Bottom of the 2nd over - 0 runs, 0 hits, 0 errors, 0 left on base; Trois-Riveres 0 - Windy City 0 |
| TOP OF THE 3RD |
|
Trois-Riveres Aigles batting - Pitching for Windy City ThunderBolts : LHP Tom White
|
|
Batting: RHB Willie Acevedo
|
0-0: Foul Ball, location: 2F 0-1: Ball 1-1: Fly out, F2 (Popup, 23F, EV 93.1 MPH)
|
|
Batting: RHB Sandoval Serzedelo
|
0-0: Fly out, F4 (Popup, 4D, EV 68.8 MPH)
|
|
Batting: RHB Alex Koral
|
0-0: Called Strike 0-1: Ball 1-1: Foul Ball, location: 2F 1-2: Ball 2-2: Strikes out looking
|
| Top of the 3rd over - 0 runs, 0 hits, 0 errors, 0 left on base; Trois-Riveres 0 - Windy City 0 |
| BOTTOM OF THE 3RD |
|
Windy City ThunderBolts batting - Pitching for Trois-Riveres Aigles : RHP Adam Householder
|
|
Batting: RHB Joe Thomas
|
0-0: Called Strike 0-1: Ball 1-1: Ball 2-1: Ground out 4-3 (Groundball, 4, EV 78.1 MPH)
|
|
Batting: LHB Jose Pereyra
|
0-0: Foul Ball, location: 2F 0-1: Called Strike 0-2: SOLO HOME RUN (Flyball, 89XD, EV 115.0 MPH), Distance : 426 ft
|
|
Batting: RHB Nhat Phong
|
0-0: Called Strike 0-1: Ball 1-1: Ball 2-1: Called Strike 2-2: Ball 3-2: Base on Balls
|
|
Batting: RHB Enrique Gomez
|
0-0: Called Strike 0-1: Ball 1-1: Swinging Strike 1-2: Strikes out looking
|
|
Batting: SHB Noah Long
|
0-0: Called Strike 0-1: Fly out, F8 (Flyball, 8LD, EV 103.8 MPH)
|
| Bottom of the 3rd over - 1 run, 1 hit, 0 errors, 1 left on base; Trois-Riveres 0 - Windy City 1 |
| TOP OF THE 4TH |
|
Trois-Riveres Aigles batting - Pitching for Windy City ThunderBolts : LHP Tom White
|
|
Batting: SHB Luis Verduzco
|
0-0: Called Strike 0-1: Ball 1-1: Ball 2-1: Called Strike 2-2: Strikes out swinging
|
|
Batting: RHB Dave Galloway
|
0-0: Foul Ball, location: 2F 0-1: Fly out, F6 (Popup, 6M, EV 74.4 MPH)
|
|
Batting: RHB Joe Hartigan
|
0-0: SOLO HOME RUN (Flyball, 78XD, EV 100.6 MPH), Distance : 414 ft
|
|
Batting: SHB Omar Cervantes
|
0-0: Foul Ball, location: 2F 0-1: Swinging Strike 0-2: Ball 1-2: Strikes out looking
|
| Top of the 4th over - 1 run, 1 hit, 0 errors, 0 left on base; Trois-Riveres 1 - Windy City 1 |
| BOTTOM OF THE 4TH |
|
Windy City ThunderBolts batting - Pitching for Trois-Riveres Aigles : RHP Adam Householder
|
|
Batting: SHB Andres Agudo
|
0-0: Called Strike 0-1: Foul Ball, location: 2F 0-2: Ball 1-2: Strikes out looking
|
|
Batting: RHB Bill Stern
|
0-0: Foul Ball, location: 2F 0-1: Ball 1-1: Swinging Strike 1-2: Strikes out swinging
|
|
Batting: RHB Eddie Dimas
|
0-0: Fly out, F9 (Flyball, 89M, EV 84.4 MPH)
|
| Bottom of the 4th over - 0 runs, 0 hits, 0 errors, 0 left on base; Trois-Riveres 1 - Windy City 1 |
| TOP OF THE 5TH |
|
Trois-Riveres Aigles batting - Pitching for Windy City ThunderBolts : LHP Tom White
|
|
Batting: RHB Kyler Seitz
|
0-0: Foul Ball, location: 2F 0-1: Foul Ball, location: 2F 0-2: Foul Ball, location: 2F 0-2: Foul Ball, location: 2F 0-2: Ball 1-2: Foul Ball, location: 2F 1-2: Ball 2-2: Hit by Pitch
|
|
Batting: RHB Bogumil Filipowski
|
0-0: Foul Ball, location: 2F 0-1: Swinging Strike 0-2: Ball 1-2: Ball 2-2: Strikes out looking
|
|
Batting: RHB Willie Acevedo
|
0-0: Ball 1-0: Called Strike 1-1: Ball 2-1: Swinging Strike 2-2: Grounds into double play, 6-4-3 (Groundball, 6, EV 108.8 MPH)
|
| Top of the 5th over - 0 runs, 0 hits, 0 errors, 0 left on base; Trois-Riveres 1 - Windy City 1 |
| BOTTOM OF THE 5TH |
|
Windy City ThunderBolts batting - Pitching for Trois-Riveres Aigles : RHP Adam Householder
|
|
Batting: RHB Joselito Santos
|
0-0: Foul Ball, location: 2F 0-1: Ball 1-1: Swinging Strike 1-2: Ball 2-2: Ball 3-2: Fly out, F8 (Flyball, 78D, EV 104.4 MPH)
|
|
Batting: RHB Joe Thomas
|
0-0: Ball 1-0: Ball 2-0: Ball 3-0: Called Strike 3-1: Swinging Strike 3-2: Foul Ball, location: 2F 3-2: Strikes out swinging
|
|
Batting: LHB Jose Pereyra
|
0-0: TRIPLE (Flyball, 78XD, EV 91.2 MPH)
|
|
Batting: RHB Nhat Phong
|
0-0: Ground out 3-1 (Groundball, 34, EV 87.5 MPH)
|
| Bottom of the 5th over - 0 runs, 1 hit, 0 errors, 1 left on base; Trois-Riveres 1 - Windy City 1 |
| TOP OF THE 6TH |
|
Trois-Riveres Aigles batting - Pitching for Windy City ThunderBolts : LHP Tom White
|
|
Batting: RHB Sandoval Serzedelo
|
0-0: Foul Ball, location: 2F 0-1: Foul Ball, location: 2F 0-2: Fly out, F8 (Flyball, 78XD, EV 90.0 MPH)
|
|
Batting: RHB Alex Koral
|
0-0: Ball 1-0: Ball 2-0: Ball 3-0: Foul Ball, location: 2F 3-1: Base on Balls
|
|
Batting: SHB Luis Verduzco
|
0-0: Reached on error, E4 (Groundball, 34, EV 81.9 MPH) Alex Koral to second
|
|
Batting: RHB Dave Galloway
|
0-0: Ball 1-0: Ball 2-0: Ball 3-0: Called Strike 3-1: Base on Balls Alex Koral to third Luis Verduzco to second
|
|
Batting: RHB Joe Hartigan
|
0-0: Foul Ball, location: 2F 0-1: Hit by Pitch Alex Koral scores Luis Verduzco to third Dave Galloway to second
|
|
Batting: SHB Omar Cervantes
|
0-0: Ball 1-0: Ball 2-0: Swinging Strike 2-1: Ball 3-1: Swinging Strike 3-2: Strikes out swinging
|
|
Batting: RHB Kyler Seitz
|
0-0: Foul Ball, location: 2F 0-1: Called Strike 0-2: Strikes out looking
|
| Top of the 6th over - 1 run, 0 hits, 1 error, 3 left on base; Trois-Riveres 2 - Windy City 1 |
| BOTTOM OF THE 6TH |
|
Windy City ThunderBolts batting - Pitching for Trois-Riveres Aigles : RHP Adam Householder
|
|
Batting: RHB Enrique Gomez
|
0-0: Fly out, F8 (Flyball, 78D, EV 98.1 MPH)
|
|
Batting: SHB Noah Long
|
0-0: Ball 1-0: Called Strike 1-1: Ball 2-1: Ball 3-1: Ground out 4-3 (Groundball, 4M, EV 81.9 MPH)
|
|
Batting: SHB Andres Agudo
|
0-0: Ball 1-0: Swinging Strike 1-1: Called Strike 1-2: Ball 2-2: Fly out, F2 (Popup, 25F, EV 93.8 MPH)
|
| Bottom of the 6th over - 0 runs, 0 hits, 0 errors, 0 left on base; Trois-Riveres 2 - Windy City 1 |
| TOP OF THE 7TH |
|
Trois-Riveres Aigles batting - Pitching for Windy City ThunderBolts : LHP Tom White
|
|
Batting: RHB Bogumil Filipowski
|
0-0: Called Strike 0-1: Ball 1-1: Ball 2-1: Ball 3-1: Called Strike 3-2: Strikes out swinging
|
|
Pitching: LHP Keith O'Brien
|
|
|
Batting: RHB Willie Acevedo
|
0-0: Called Strike 0-1: Foul Ball, location: 2F 0-2: Ball 1-2: Ball 2-2: Strikes out looking
|
|
Batting: RHB Sandoval Serzedelo
|
0-0: Foul Ball, location: 2F 0-1: Called Strike 0-2: Ball 1-2: Fly out, F7 (Flyball, 7S, EV 93.8 MPH)
|
| Top of the 7th over - 0 runs, 0 hits, 0 errors, 0 left on base; Trois-Riveres 2 - Windy City 1 |
| BOTTOM OF THE 7TH |
|
Windy City ThunderBolts batting - Pitching for Trois-Riveres Aigles : RHP Adam Householder
|
|
Batting: RHB Bill Stern
|
0-0: Ball 1-0: Ball 2-0: Ball 3-0: Foul Ball, location: 2F 3-1: Base on Balls
|
|
Batting: RHB Eddie Dimas
|
0-0: Foul Ball, location: 2F 0-1: Foul Ball, location: 2F 0-2: Strikes out swinging
|
|
Batting: RHB Joselito Santos
|
0-0: Swinging Strike 0-1: Ball 1-1: SINGLE (Line Drive, 4MD, EV 110.0 MPH) Bill Stern to second
|
|
Batting: RHB Joe Thomas
|
0-0: Fly out, F7 (Flyball, 7D, EV 102.5 MPH)
|
|
Batting: LHB Jose Pereyra
|
0-0: Ball 1-0: Foul Ball, location: 2F 1-1: Ball 2-1: Swinging Strike 2-2: Strikes out looking
|
| Bottom of the 7th over - 0 runs, 1 hit, 0 errors, 2 left on base; Trois-Riveres 2 - Windy City 1 |
| TOP OF THE 8TH |
|
Trois-Riveres Aigles batting - Pitching for Windy City ThunderBolts : LHP Keith O'Brien
|
|
Batting: RHB Alex Koral
|
0-0: Foul Ball, location: 2F 0-1: SINGLE (Line Drive, 8LS, EV 108.1 MPH)
|
|
Batting: SHB Luis Verduzco
|
0-0: Bunted foul 0-1: Ball 1-1: Sac Bunt to P - play at first, batter OUT! 1-3 Alex Koral to second
|
|
Batting: RHB Dave Galloway
|
0-0: Ball 1-0: Ball 2-0: Called Strike 2-1: Swinging Strike 2-2: Strikes out swinging
|
|
Batting: RHB Joe Hartigan
|
0-0: Ball 1-0: Called Strike 1-1: Ball 2-1: Foul Ball, location: 2F 2-2: Foul Ball, location: 2F 2-2: Ball 3-2: Foul Ball, location: 2F 3-2: Foul Ball, location: 2F 3-2: Base on Balls
|
|
Pitching: RHP Jose Rodriguez
|
|
|
Batting: SHB Omar Cervantes
|
0-0: Fly out, F6 (Popup, 6, EV 66.9 MPH)
|
| Top of the 8th over - 0 runs, 1 hit, 0 errors, 2 left on base; Trois-Riveres 2 - Windy City 1 |
| BOTTOM OF THE 8TH |
|
Windy City ThunderBolts batting - Pitching for Trois-Riveres Aigles : RHP Adam Householder
|
|
Batting: RHB Nhat Phong
|
0-0: Called Strike 0-1: Ball 1-1: Swinging Strike 1-2: Ball 2-2: Ball 3-2: Base on Balls
|
|
Batting: RHB Enrique Gomez
|
0-0: Fielders Choice at 2nd, 4-6 (Groundball, 34, EV 79.4 MPH)
|
|
Batting: SHB Noah Long
|
0-0: Called Strike 0-1: Ball Wild Pitch! Enrique Gomez to second 1-1: Ball 2-1: Ground out U3 (Groundball, 34S, EV 78.8 MPH) Enrique Gomez to third
|
|
Batting: SHB Andres Agudo
|
0-0: Ball 1-0: Ball 2-0: Foul Ball, location: 2F 2-1: Ground out U3 (Groundball, 34S, EV 78.8 MPH)
|
| Bottom of the 8th over - 0 runs, 0 hits, 0 errors, 1 left on base; Trois-Riveres 2 - Windy City 1 |
| TOP OF THE 9TH |
|
Trois-Riveres Aigles batting - Pitching for Windy City ThunderBolts : RHP Jose Rodriguez
|
|
Batting: RHB Kyler Seitz
|
0-0: Called Strike 0-1: Ball 1-1: Ground out 5-3 (Groundball, 56S, EV 90.6 MPH)
|
|
Pinch Hitting: LHB Ian Cranton
|
0-0: Called Strike 0-1: Ball 1-1: Ball 2-1: Ball 3-1: Base on Balls
|
|
Pinch Hitting: RHB Gabe Wilcoxon
|
0-0: Called Strike 0-1: SINGLE (Flyball, 5D, EV 90.0 MPH) Ian Cranton to second
|
|
Pinch Runner at 2nd Gilbert Hoareau:
|
|
|
Pinch Hitting: RHB Matt Fritz
|
0-0: Fly out, F3 (Popup, 3SF, EV 72.5 MPH)
|
|
Batting: RHB Alex Koral
|
0-0: Ball 1-0: Ball 2-0: Called Strike 2-1: Ball 3-1: Base on Balls Gilbert Hoareau to third Gabe Wilcoxon to second
|
|
Pinch Hitting: RHB Toshikatsu Omori
|
0-0: Foul Ball, location: 2F 0-1: Ball 1-1: GRAND SLAM HOME RUN (Flyball, 7LD, EV 96.9 MPH), Distance : 333 ft
|
|
Pitching: LHP James Reynolds
|
|
|
Batting: RHB Dave Galloway
|
0-0: Swinging Strike 0-1: Hit by Pitch
|
|
Batting: RHB Joe Hartigan
|
0-0: Ball 1-0: Called Strike 1-1: Foul Ball, location: 2F 1-2: Ball 2-2: Foul Ball, location: 2F 2-2: Ball 3-2: Base on Balls Dave Galloway to second
|
|
Batting: SHB Omar Cervantes
|
0-0: Ball 1-0: Reached on error, E5 (Groundball, 56, EV 85.6 MPH) Dave Galloway to third Joe Hartigan to second
|
|
Batting: RHB Kyler Seitz
|
0-0: Ball 1-0: Ball 2-0: Ball 3-0: Called Strike 3-1: Fly out, F8 (Flyball, 8LS, EV 88.8 MPH)
|
| Top of the 9th over - 4 runs, 2 hits, 1 error, 3 left on base; Trois-Riveres 6 - Windy City 1 |
| BOTTOM OF THE 9TH |
|
Windy City ThunderBolts batting - Pitching for Trois-Riveres Aigles : RHP Adam Householder
|
|
Now at 2B: Wan-ling Zhu
|
|
|
Now at 3B: Alex Koral
|
|
|
Now at SS: Ryan Holzwart
|
|
|
Now in CF: Sean Boenig
|
|
|
Now in RF: Gilbert Hoareau
|
|
|
Batting: RHB Bill Stern
|
0-0: Ball 1-0: Called Strike 1-1: Swinging Strike 1-2: Ball 2-2: Strikes out looking
|
|
Batting: RHB Eddie Dimas
|
0-0: Ball 1-0: Called Strike 1-1: Ball 2-1: Called Strike 2-2: Ball 3-2: Strikes out swinging
|
|
Batting: RHB Joselito Santos
|
0-0: Ball 1-0: Swinging Strike 1-1: TRIPLE (Flyball, 78XD, EV 98.1 MPH)
|
|
Batting: RHB Joe Thomas
|
0-0: Swinging Strike 0-1: Foul Ball, location: 2F 0-2: Ball 1-2: Strikes out swinging
|
| Bottom of the 9th over - 0 runs, 1 hit, 0 errors, 1 left on base; Trois-Riveres 6 - Windy City 1 |
|